 Dungeon Crawl Stone Soup version 0.21-a0-364-gbd1fde4 (webtiles) character file.

99 vishdafish the Charmwright (level 4, -12/34 HPs)
             Began as a Demonspawn Skald on Oct 14, 2017.
             Killed by divine providence
             ... invoked by an orc priest
              (14 damage)
             ... on level 4 of the Dungeon.
             The game lasted 00:08:17 (2913 turns).

vishdafish the Charmwright (Demonspawn Skald)       Turns: 2913, Time: 00:08:17

Health: -12/34     AC:  6    Str: 11    XL:     4   Next: 45%
Magic:  4/8        EV: 12    Int: 16    God:
Gold:   159        SH:  0    Dex: 12    Spells: 7/8 levels left

rFire    . . .     SeeInvis .   a - +0 hand axe
rCold    . . .     Gourm    .   (no shield)
rNeg     . . .     Faith    .   b - +0 leather armour
rPois    .         Spirit   .   (helmet restricted)
rElec    .         Reflect  .   (no cloak)
rCorr    .         Harm     .   (no gloves)
MR       .....                  (no boots)
Stlth    ++........             (no amulet)
HPRegen  0.11/turn              q - ring of stealth
MPRegen  0.11/turn              (no ring)

@: infused, flying
A: antennae 1, slimy green scales 2
a: no special abilities


You were on level 4 of the Dungeon.
You were not hungry.

You visited 1 branch of the dungeon, and saw 5 of its levels.

You collected 159 gold pieces.

Inventory:

Hand Weapons
 a - a +0 hand axe (weapon)
 s - a +0 blowgun
Missiles
 t - 6 curare-tipped needles
Armour
 b - a +0 leather armour (worn)
 f - a +0 buckler
Jewellery
 q - a ring of stealth (left hand)
Scrolls
 g - 3 scrolls of recharging {unknown}
 h - a scroll of remove curse
 i - 5 scrolls of identify
 j - 2 scrolls of noise {unknown}
 n - a scroll of magic mapping {unknown}
 o - 2 scrolls of teleportation
 p - 2 scrolls of blinking {unknown}
 v - a scroll of random uselessness {unknown}
Potions
 e - 2 potions of flight
 m - a potion of haste {unknown}
Books
 c - a book of Battle

   Spells                             Type                      Level
   a - Infusion                       Charms                       1
   b - Shroud of Golubria             Charms/Translocation         2
   c - Song of Slaying                Charms                       2
   d - Spectral Weapon                Hexes/Charms                 3
   e - Regeneration                   Charms/Necromancy            3
Comestibles
 d - 2 bread rations
 r - 3 fruits


   Skills:
 + Level 2.6 Fighting
 + Level 2.5 Axes
 - Level 1.1 Armour
 + Level 2.4 Dodging
 * Level 2.7 Spellcasting
 - Level 3.0 Charms


You had 7 spell levels left.
You knew the following spells:

 Your Spells              Type           Power        Failure   Level  Hunger
a - Infusion              Chrm           ##..         8%          1    #......


Dungeon Overview and Level Annotations

Branches:
Dungeon (5/15)
 Temple: D:4-7

Altars:
Elyvilon

Annotations:
D:4 Duvessa


Innate Abilities, Weirdness & Mutations

You have a pair of small antennae on your head.
You are mostly covered in slimy green scales. (AC +3)


Message History

The orc priest hits you but does no damage.
Casting: Infusion
Confirm with . or Enter, or press ? or * to list all spells.
You begin infusing your attacks with magical energy.
The orc priest calls down the wrath of Beogh upon you.
Pain shoots through your body!
You hit the orc priest!
The orc priest is heavily wounded.
The orc priest hits you but does no damage.
You hit the orc priest!
The orc priest is almost dead.
The orc priest mumbles some strange prayers to Beogh against you.
Beogh smites you!
* * * LOW HITPOINT WARNING * * *
You barely miss the orc priest.
The orc priest is almost dead.
You closely miss the orc.
The orc priest invokes the aid of Beogh against you.
Beogh smites you!
You die...

..............#.#.#.#.#
#....#.#.#.###†#.#.#.#
#...........##...#.#.#
#....#.#.#.###.###.#.#
#...........##.# #.#.#
######.#.#.###.# #.#
#>....[.##.# #.#
##.#.#o###.###.#
##..o@..#.....#
........###..#.#####
........# #..#.....#
........# ##.#.###.#
........# #.#.#
.......o# #.).#
........# #.........
..?.....# #...#####.
#..>.


You could see an orc priest and an orc.

Vanquished Creatures
  2 adders
  2 worms
  6 dart slugs
  5 leopard geckos
  An orc (D:3)
  A ball python (D:1)
  3 giant cockroaches
  6 goblins
  5 hobgoblins
  A jackal (D:5)
  11 kobolds
  A quokka (D:3)
  4 bats
  2 frilled lizards
  6 rats
56 creatures vanquished.

Notes
Turn   | Place    | Note
-------+----------+-------------------------------------------
     0 | D:1      | vishdafish the Demonspawn Skald began the quest for the Orb.
     0 | D:1      | Reached XP level 1. HP: 16/16 MP: 3/3
    44 | D:1      | Reached skill level 1 in Armour
   320 | D:1      | Gained mutation: You are partially covered in slimy green scales. (AC +2) [demonic ancestry]
   320 | D:1      | Reached XP level 2. HP: 18/22 MP: 0/5
   444 | D:1      | Reached skill level 3 in Charms
   677 | D:1      | Gained mutation: You have a pair of small antennae on your head. [demonic ancestry]
   677 | D:1      | Reached XP level 3. HP: 24/27 MP: 6/6
  1978 | D:3      | Gained mutation: You are mostly covered in slimy green scales. (AC +3) [demonic ancestry]
  1978 | D:3      | Reached XP level 4. HP: 27/34 MP: 1/7
  2259 | D:3      | Found a white marble altar of Elyvilon.
  2880 | D:5      | Entered Level 5 of the Dungeon
  2900 | D:5      | Noticed a bullfrog
  2905 | D:4      | Noticed Duvessa
  2912 | D:4      | HP: 1/34 [orc priest/divine providence (10)]
  2913 | D:4      | Killed from afar by an orc priest

Vault maps used:
D:1:      lightli_arrival_statue_moat
D:2:      first_bread
D:3:      nicolae_overflow_hidden_temple
D:4:      lemuel_coloured_pillars_altar,
          chequers_temple_overflow_statue_of_worship, st_stairs_8, uniq_duvessa
D:5:      old_standard_altar, temple_statues, uniq_blork_the_orc

Skill      XL: |  1  2 |
---------------+-------+-----
Armour         | 1 |  1.1
Axes           | 2 |  2.5
Dodging        | 2 |  2.4
Charms         | 3 |  3.0
Fighting       | |  2.6
Spellcasting   | |  2.7

Action                   |  1- 3 |  4- 6 || total
-------------------------+-------+-------++-------
Melee: Hand axe          |   144 |    54 ||   198
 Cast: Infusion          |     7 |     5 ||    12
  Use: Scroll            |       |     3 ||     3
       Potion            |       |     3 ||     3
 Stab: Sleeping          |     3 |       ||     3
       Distracted        |       |     1 ||     1
  Eat: Chunk             |     3 |     4 ||     7
Armor: Leather armour    |    47 |    22 ||    69
Dodge: Dodged            |    97 |    32 ||   129

Table legend:
 A = Spawn XP
 B = Non-spawn XP
 C = Spawn XP percentage of total XP
 D = Spawn monster count
 E = Non-spawn monster count
 F = Spawn count percentage of total count
 G = Total turns spent on level
                    A         B        C        D         E        F      G
               +---------+---------+-------+---------+---------+-------+---------
         Total |       0 |     142 |   0.0 |       0 |      56 |   0.0 |  2913
               +---------+---------+-------+---------+---------+-------+---------
           D:1 |       0 |      48 |   0.0 |       0 |      23 |   0.0 |   941
           D:2 |       0 |      37 |   0.0 |       0 |      11 |   0.0 |   969
           D:3 |       0 |      40 |   0.0 |       0 |      19 |   0.0 |   901
           D:4 |       0 |       1 |   0.0 |       0 |       1 |   0.0 |    79
           D:5 |       0 |      16 |   0.0 |       0 |       2 |   0.0 |    23
               +---------+---------+-------+---------+---------+-------+---------
